 Dungeon Crawl Stone Soup version 0.31-a0-174-g85c54bcb58 (webtiles) character file.

Game seed: 10970188254469023877

96 qw the Shooter (level 4, -2/28 HPs)
             Began as a Gargoyle Hunter on June 15, 2023.
             Slain by an orc
             ... wielding a +0 club
              (3 damage)
             ... on level 3 of the Dungeon.
             The game lasted 00:00:45 (1799 turns).

qw the Shooter (Gargoyle Hunter)                    Turns: 1799, Time: 00:00:46

Health: -2/28      AC:  8    Str: 14    XL:     4   Next: 67%
Magic:  4/4        EV: 11    Int: 10    God:
Gold:   67         SH:  0    Dex: 15    Spells: 3/3 levels left

rFire   . . .        Y - +0 shortbow
rCold   . . .        (shield currently unavailable)
rNeg    + . .        f - +0 ring mail
rPois   inf          (no helmet)
rElec   +            (no cloak)
rCorr   .            (no gloves)
SInv    .            (no boots)
Will    .....        (no amulet)
Stlth   +            (no ring)
HPRegen 0.24/turn    (no ring)
MPRegen 0.09/turn

%: no passive effects
@: no status effects
A: sickness immunity, AC +3, negative energy resistance 1, electricity
resistance, torment resistance 1, petrification resistance
a: no special abilities


You were on level 3 of the Dungeon.
You visited 1 branch of the dungeon, and saw 3 of its levels.

You collected 67 gold pieces.


Innate Abilities, Weirdness & Mutations

You are immune to sickness and miasma.
Your stone body is resilient. (AC +3)
You are immune to poison.
You resist negative energy. (rN+)
You are resistant to electric shocks. (rElec)
You are resistant to unholy torment.
You are immune to petrification.


   Skills:
 - Level 3.0 Fighting
 + Level 5.3 Ranged Weapons
 - Level 1.4 Armour
 - Level 1.5 Dodging
 - Level 1.1 Stealth


You had 3 spell levels left.
You didn't know any spells.
Your spell library was empty.

Inventory:

Hand Weapons
 Y - a +0 shortbow (weapon)
Armour
 f - a +0 ring mail (worn)
Scrolls
 a - a scroll of identify
Potions
 b - a potion of lignification
 c - a potion of magic
 i - a potion of haste
 j - a potion of ambrosia {unknown}

Dungeon Overview and Level Annotations

Branches:
Dungeon (3/15)

Altars:


Message History

The arrow hits the orc but does no damage.
You shoot an arrow.
The arrow hits the orc but does no damage.
The orc hits you with a +0 mace. The orc hits you but does no damage.
You shoot an arrow. The arrow closely misses the orc.
The arrow hits the orc.
You kill the orc!
The orc hits you but does no damage. The orc barely misses you.
You shoot an arrow.
The arrow hits the orc but does no damage.
The orc throws a boomerang.
The boomerang hits you but does no damage.
The orc completely misses you.
You shoot an arrow. The arrow completely misses the orc.
The orc hits you but does no damage. The orc barely misses you.
The orc hits you with a +0 mace.
You shoot an arrow. The arrow hits the orc!
The orc is almost dead.
The orc misses you. The orc closely misses you.
The orc hits you but does no damage. x2; The orc hits you with a +0 mace.
The orc completely misses you. The orc hits you but does no damage.
The orc hits you with a +0 mace.
You shoot an arrow. The arrow hits the orc.
You kill the orc!
The adder closely misses you. The orc barely misses you.
The orc hits you but does no damage. The orc hits you with a +0 falchion!
You shoot an arrow. The arrow closely misses the adder.
The adder bites you. The orc barely misses you. The orc closely misses you.
The orc barely misses you. The adder bites you but does no damage.
You shoot an arrow. The arrow misses the adder.
The orc hits you with a +0 club. The orc hits you but does no damage.
The orc barely misses you. The adder barely misses you.
You shoot an arrow. The arrow hits the adder.
The adder is heavily wounded.
The orc barely misses you. The orc hits you but does no damage. x2
The adder bites you. The adder bites you but does no damage.
The orc misses you. The orc hits you but does no damage.
The orc hits you with a +0 falchion.
You shoot an arrow. The arrow hits the adder.
The adder is severely wounded.
The adder bites you but does no damage. The orc hits you with a +0 club.
You die...

#............
#............
#............
#...........#
#...........#
###......)....#
......ooS[....#
......o@# ..[.....#
........#
........###+###########.
........................
......).................
..........%.............
.##########.#.(.........
#.#.##........


You could see an adder and 3 orcs.

Vanquished Creatures
  4 adders
  A worm (D:2)
  2 dart slugs
  2 orcs (D:3)
  3 bats
  4 endoplasms (D:1)
  A giant cockroach (D:2)
  2 goblins (D:2)
  4 hobgoblins
  2 quokkas
  4 ball pythons
  2 frilled lizards (D:2)
  4 kobolds
  22 rats
57 creatures vanquished.

Notes
Turn   | Place    | Note
-------+----------+-------------------------------------------
     0 | D:1      | qw the Gargoyle Hunter began the quest for the Orb.
     0 | D:1      | Reached XP level 1. HP: 12/12 MP: 1/1
     0 | D:1      | 0 ||| qw: Version: 0.2-a-29-g511e9b1
     0 | D:1      | 0 ||| qw: Game counter: 5223
     0 | D:1      | 0 ||| qw: Always use a shield: true
     0 | D:1      | 0 ||| qw: God list: Okawaru
     0 | D:1      | 0 ||| qw: Allow faded altars: false
     0 | D:1      | 0 ||| qw: Do Orc after D:15 true
     0 | D:1      | 0 ||| qw: Do second Lair branch before Depths: true
     0 | D:1      | 0 ||| qw: Lair rune preference: random
     0 | D:1      | 0 ||| qw: Plans: Normal, Zot:1-4, Slime:5, God:TSO, Crypt,
                  | Tomb, Abyss, Pan, Hells, Win
     0 | D:1      | 0 ||| PLANNING D:1-11
   131 | D:1      | Found a faded altar of an unknown god.
   236 | D:1      | Reached XP level 2. HP: 17/17 MP: 2/2
   588 | D:1      | 588 ||| UPGRADING to +0 ring mail.
   598 | D:1      | 598 ||| DROPPING +0 leather armour.
   599 | D:1      | 599 ||| READING 4 scrolls labelled RATUIT KAEH.
   600 | D:1      | 600 ||| READING scroll labelled DIVYEJA NYDOOGHA.
   601 | D:1      | 601 ||| READING scroll labelled RALUGEDGH OCSO.
   602 | D:1      | 602 ||| READING 3 scrolls of identify.
   602 | D:1      | 602 ||| IDENTIFYING murky cyan potion
   603 | D:1      | 603 ||| READING 2 scrolls of identify.
   603 | D:1      | 603 ||| IDENTIFYING pink potion
   604 | D:1      | 604 ||| DROPPING scroll of butterflies.
   605 | D:1      | 605 ||| DROPPING potion of invisibility.
   744 | D:2      | Reached skill level 1 in Armour
   744 | D:2      | Reached XP level 3. HP: 19/21 MP: 3/3
  1026 | D:2      | Reached skill level 5 in Ranged Weapons
  1302 | D:2      | Reached XP level 4. HP: 24/27 MP: 4/4
  1414 | D:2      | Reached skill level 3 in Fighting
  1657 | D:2      | 1657 ||| READING scroll labelled YDGHOD IQEGEULYE.
  1658 | D:2      | 1658 ||| READING 3 scrolls of identify.
  1658 | D:2      | 1658 ||| IDENTIFYING silvery potion
  1659 | D:2      | 1659 ||| READING 2 scrolls of identify.
  1659 | D:2      | 1659 ||| IDENTIFYING red potion
  1724 | D:3      | 1724 ||| PLANNING SEWER
  1798 | D:3      | HP: 6/28 [adder (3)]
  1798 | D:3      | HP: 1/28 [orc/+0 falchion (5)]
  1799 | D:3      | Slain by an orc

Levels and vault maps discovered:
D:1:      lightli_arrival_flooded_house, layout_basic, basic_ecumenical_altar
D:2:      layout_loops_corners, minmay_misc_feat_ornament, minivault_25,
          grunt_decor_one_mirror, minmay_rat_hole
D:3:      layout_basic, gup_sewer_entry_spiral, kennysheep_generic_room_4,
          uniq_terence, uniq_natasha

Skill      XL: |  1  2  3  4 |
---------------+-------------+-----
Armour         | 1 |  1.4
Ranged Weapons | 5 |  5.3
Fighting       | 3 |  3.0
Dodging        | |  1.5
Stealth        | |  1.1

Action                     |  1- 3 |  4- 6 || total
---------------------------+-------+-------++-------
   Fire: Shortbow          |   117 |    92 ||   209
    Use: Scroll            |     5 |     3 ||     8
 Armour: Ring mail         |    26 |    46 ||    72
         Leather armour    |     6 |       ||     6
  Dodge: Dodged            |    33 |    63 ||    96

Table legend:
 A = Non-vault XP
 B = Vault XP
 C = Vault XP percentage of total XP
 D = Non-vault monster count
 E = Vault monster count
 F = Vault count percentage of total count
                 A         B        C        D         E       F
            +---------+---------+-------+---------+---------+-------
      Total |     118 |      20 |  14.5 |      38 |      19 |  33.3
            +---------+---------+-------+---------+---------+-------
        D:1 |      20 |       0 |   0.0 |      13 |       0 |   0.0
        D:2 |      72 |      20 |  21.7 |      19 |      19 |  50.0
        D:3 |      26 |       0 |   0.0 |       6 |       0 |   0.0
            +---------+---------+-------+---------+---------+-------
